 Dungeon Crawl Stone Soup version 0.31.0 (webtiles) character file.

Game seed: 15969633456640660193

162 qw the Shooter (level 5, -16/33 HPs)
             Began as a Gargoyle Hunter on Jan 19, 2024.
             Killed from afar by an acid dragon (18 damage)
             ... with a splash of acid
             ... on level 4 of the Dungeon.
             The game lasted 00:00:09 (2281 turns).

qw the Shooter (Gargoyle Hunter)                    Turns: 2281, Time: 00:00:10

Health: -16/33     AC:  9    Str: 15    XL:     5   Next: 43%
Magic:  5/5        EV: 11    Int:  9    God:
Gold:   102        SH:  0    Dex: 15    Spells: 4/4 levels left

rFire   . . .        c - +0 orcbow
rCold   . . .        (shield currently unavailable)
rNeg    + + .        b - +0 ring mail
rPois   inf          i - +2 helmet
rElec   +            (no cloak)
rCorr   .            g - +0 pair of gloves
SInv    .            (no boots)
Will    .....        (no amulet)
Stlth   +            f - ring of positive energy
HPRegen 0.25/turn    (no ring)
MPRegen 0.09/turn

%: no passive effects
@: corroded
A: sickness immunity, AC +4, negative energy resistance 1, electricity
resistance, torment resistance 1, petrification resistance
a: no special abilities


You were on level 4 of the Dungeon.
You visited 1 branch of the dungeon, and saw 4 of its levels.

You collected 102 gold pieces.


Innate Abilities, Weirdness & Mutations

You are immune to sickness and miasma.
Your stone body is resilient. (AC +4)
You are immune to poison.
You resist negative energy. (rN+)
You are resistant to electric shocks. (rElec)
You are resistant to unholy torment.
You are immune to petrification.


   Skills:
 - Level 4.0 Fighting
 + Level 5.6 Ranged Weapons
 - Level 1.0 Armour
 - Level 1.5 Dodging
 - Level 1.1 Stealth


You had 4 spell levels left.
You didn't know any spells.
Your spell library was empty.

Inventory:

Hand Weapons
 c - a +0 orcbow (weapon)
Armour
 b - a +0 ring mail (worn)
 g - a +0 pair of gloves (worn)
 i - a +2 helmet (worn)
Jewellery
 f - a ring of positive energy (left hand)
Scrolls
 a - a scroll of identify
Potions
 d - 2 potions of enlightenment
 e - a potion of heal wounds
 j - a potion of haste

Dungeon Overview and Level Annotations

Branches:
Dungeon (4/15)
 Temple: D:4-7

Altars:
Elyvilon
Fedhas
Zin
The Shining One

Shops:
D:2 (

Annotations:
D:3 1 runed translucent door, qw's ghost, amateur GrHu
D:4 1 runed translucent door


Message History

Found a stone staircase leading down.
Found an escape hatch in the floor.
A hobgoblin comes into view.
You shoot an arrow.
The arrow hits the hobgoblin but does no damage.
The hobgoblin shouts!
You shoot an arrow. The arrow hits the hobgoblin.
You kill the hobgoblin!
An acid dragon comes into view.
You shoot an arrow. The acid dragon roars!
The arrow hits the acid dragon!
The acid dragon is moderately wounded.
The acid dragon spits acid at you. The splash of acid hits you!
The acid corrodes you!
You shoot an arrow.
The arrow closely misses the acid dragon.
You shoot an arrow. The arrow hits the acid dragon!
The acid dragon is severely wounded.
The acid dragon bites you! The acid dragon closely misses you.
You shoot an arrow.
The arrow barely misses the acid dragon.
The acid dragon closely misses you.
The acid dragon claws you but does no damage.
The acid dragon closely misses you. x2
You shoot an arrow.
The arrow closely misses the acid dragon.
The acid dragon closely misses you.
The acid dragon claws you but does no damage.
You shoot an arrow.
The arrow closely misses the acid dragon.
The acid dragon misses you. The acid dragon barely misses you.
A black bear comes into view.
You shoot an arrow. The arrow hits the acid dragon!
The acid dragon is almost dead.
The acid dragon bites you! The acid dragon claws you.
The acid dragon spits acid at you. The splash of acid hits you!!
Ouch! That really hurt!
You die...

#...#.#.......#.#....##
#............>###...##
###.##>.........#....#
#.###.......#..#####
##...#.......#...#
#...............##
##...........####
#.....#...#.#
####...@....###
####<..).D######
#.........# ..........#
#.......# ##.##)..#
#.#))%h# # #.)..# +#
###..#......


You could see a black bear and an acid dragon (catching breath).

Vanquished Creatures
  A scorpion (D:3)
  An orc wizard (D:4)
  An adder (D:3)
  2 dart slugs
  8 orcs
  4 endoplasms
  A giant cockroach (D:3)
  6 goblins
  7 hobgoblins
  2 jackals (D:1)
  7 kobolds
  2 quokkas
  7 ball pythons
  8 bats
  2 frilled lizards (D:1)
  3 rats (D:1)
62 creatures vanquished.

Notes
Turn   | Place    | Note
-------+----------+-------------------------------------------
     0 | D:1      | qw the Gargoyle Hunter began the quest for the Orb.
     0 | D:1      | Reached XP level 1. HP: 12/12 MP: 1/1
     0 | D:1      | 0 ||| qw: Version: 0.3-a-132-g3d54051
     0 | D:1      | 0 ||| qw: Game counter: 118
     0 | D:1      | 0 ||| qw: Melee chars always use a shield: true
     0 | D:1      | 0 ||| qw: God list: Okawaru
     0 | D:1      | 0 ||| qw: Allow faded altars: false
     0 | D:1      | 0 ||| qw: Do Orc after clearing Dungeon:15 true
     0 | D:1      | 0 ||| qw: Do second Lair branch before Depths: true
     0 | D:1      | 0 ||| qw: Lair rune preference: random
     0 | D:1      | 0 ||| qw: Goals: Normal
     0 | D:1      | 0 ||| PLANNING D:1-11
    72 | D:1      | 72 ||| RETREEEEATING.
    73 | D:1      | 73 ||| RETREEEEATING.
    74 | D:1      | 74 ||| RETREEEEATING.
    75 | D:1      | 75 ||| RETREEEEATING.
    76 | D:1      | 76 ||| RETREEEEATING.
    77 | D:1      | 77 ||| RETREEEEATING.
    78 | D:1      | 78 ||| RETREEEEATING.
    79 | D:1      | 79 ||| RETREEEEATING.
    80 | D:1      | 80 ||| RETREEEEATING.
    81 | D:1      | 81 ||| RETREEEEATING.
    82 | D:1      | 82 ||| RETREEEEATING.
    86 | D:1      | Reached XP level 2. HP: 14/17 MP: 2/2
   452 | D:1      | Reached XP level 3. HP: 21/21 MP: 3/3
   481 | D:1      | 481 ||| UPGRADING to +0 helmet.
   486 | D:1      | 486 ||| UPGRADING to +0 pair of gloves.
   491 | D:1      | 491 ||| UPGRADING to +2 helmet.
   501 | D:1      | 501 ||| DROPPING +0 helmet.
   502 | D:1      | 502 ||| READING scroll labelled RINNUV BYGHUF.
   502 | D:1      | 502 ||| IDENTIFYING red potion
   503 | D:1      | 503 ||| READING scroll labelled XIAKLINNYU.
   504 | D:1      | 504 ||| DROPPING scroll of butterflies.
   614 | D:2      | Reached skill level 5 in Ranged Weapons
  1344 | D:2      | Found Otorgh's Weapon Shop.
  1353 | D:2      | 1353 ||| UPGRADING to ring of positive energy.
  1354 | D:2      | 1354 ||| READING scroll of identify.
  1354 | D:2      | 1354 ||| IDENTIFYING fuming yellow potion
  1355 | D:2      | 1355 ||| READING scroll labelled IVOKATZUZXO.
  1356 | D:2      | 1356 ||| READING scroll labelled BOIQU ZEETSOSI.
  1386 | D:3      | Noticed a scorpion
  1391 | D:3      | Killed a scorpion
  1392 | D:3      | Reached XP level 4. HP: 21/29 MP: 4/4
  1416 | D:3      | 1416 ||| FLEEEEING.
  1420 | D:3      | 1420 ||| STAIRDANCE
  1568 | D:3      | Found a blossoming altar of Fedhas.
  1594 | D:3      | Found a white marble altar of Elyvilon.
  1594 | D:3      | Found a glowing golden altar of the Shining One.
  1595 | D:3      | 1595 ||| UPGRADING to +0 ring mail.
  1602 | D:3      | 1602 ||| UPGRADING to +0 ring mail.
  1607 | D:3      | 1607 ||| DROPPING +0 leather armour.
  1608 | D:3      | Found a glowing silver altar of Zin.
  1620 | D:3      | Found a runed translucent door.
  1624 | D:3      | Noticed qw's ghost (amateur GrHu)
  1742 | D:3      | Reached skill level 1 in Armour
  1841 | D:3      | Reached XP level 5. HP: 33/33 MP: 5/5
  2138 | D:3      | 2138 ||| READING scroll of identify.
  2138 | D:3      | 2138 ||| IDENTIFYING 2 silvery potions
  2139 | D:3      | 2139 ||| READING scroll labelled BOARRY YCSAJ.
  2139 | D:3      | 2139 ||| ENCHANTING +0 shortbow.
  2190 | D:4      | 2190 ||| PLANNING SEWER
  2211 | D:4      | Found a runed translucent door.
  2216 | D:4      | 2216 ||| SWAPPING to +0 orcbow.
  2228 | D:4      | 2228 ||| DROPPING +1 shortbow.
  2274 | D:4      | Noticed an acid dragon
  2280 | D:4      | Noticed a black bear
  2281 | D:4      | HP: 4/33 [acid dragon (8)]
  2281 | D:4      | Killed from afar by an acid dragon

Levels and vault maps discovered:
D:1:      lemuel_arrival_muddy, layout_rooms
D:2:      minmay_door_path, layout_loops_corners, serial_shops, shop
D:3:      layout_loops_ring, good_gods_temple_1, mainiacjoe_overflow_alcove_2,
          ebering_ghost_reflecting_pool, kennysheep_generic_room_7
D:4:      layout_cave_pools, grunt_temple_overflow_opulence,
          kennysheep_little_box, portal_sewer_entry_e,
          ebering_ghost_reflecting_pool

Skill      XL: |  1  2  3  4 |
---------------+-------------+-----
Ranged Weapons | 5 |  5.6
Fighting       | 4 |  4.0
Armour         | 1 |  1.0
Dodging        | |  1.5
Stealth        | |  1.1

Action                     |  1- 3 |  4- 6 || total
---------------------------+-------+-------++-------
   Fire: Shortbow          |    85 |    60 ||   145
         Orcbow            |       |    17 ||    17
    Use: Scroll            |     5 |     2 ||     7
 Armour: Leather armour    |    31 |    17 ||    48
         Ring mail         |       |    16 ||    16
         Skin              |       |     1 ||     1
  Dodge: Dodged            |    37 |    31 ||    68

Table legend:
 A = Non-vault XP
 B = Vault XP
 C = Vault XP percentage of total XP
 D = Non-vault monster count
 E = Vault monster count
 F = Vault count percentage of total count
                 A         B        C        D         E       F
            +---------+---------+-------+---------+---------+-------
      Total |     212 |      20 |   8.6 |      58 |       4 |   6.5
            +---------+---------+-------+---------+---------+-------
        D:1 |      34 |       0 |   0.0 |      22 |       0 |   0.0
        D:2 |      17 |       5 |  22.7 |      12 |       2 |  14.3
        D:3 |     106 |      15 |  12.4 |      15 |       2 |  11.8
        D:4 |      55 |       0 |   0.0 |       9 |       0 |   0.0
            +---------+---------+-------+---------+---------+-------
